 Dungeon Crawl Stone Soup version 0.27.0-1-g7a089689b8 (webtiles) character file.

Game seed: 18368286508130461910

124 tovald2 the Slasher (level 4, -10/34 HPs)
             Began as a Demonspawn Gladiator on Aug 18, 2021.
             Was a Believer of Yredelemnul.
             Mangled by an ogre (23 damage)
             ... on level 3 of the Dungeon.
             The game lasted 00:07:21 (3034 turns).

tovald2 the Slasher (Demonspawn Gladiator)          Turns: 3034, Time: 00:07:21

Health: -10/34     AC:  8    Str: 15    XL:     4   Next: 81%
Magic:  4/4        EV: 10    Int:  9    God:    Yredelemnul [**....]
Gold:   134        SH:  0    Dex: 15    Spells: 3/3 levels left

rFire    . . .     SeeInvis .   i - +2 hand axe (vorpal)
rCold    . . .     Faith    .   (no shield)
rNeg     . . .     Spirit   .   l - +0 scale mail
rPois    .         Reflect  .   c - +0 helmet
rElec    .         Harm     .   (no cloak)
rCorr    .         Rampage  .   g - +0 pair of gloves
Will     .....                  (no boots)
Stlth    ..........             (no amulet)
HPRegen  0.11/turn              (no ring)
MPRegen  0.09/turn              (no ring)

@: no status effects
A: claws 1, talons 2
a: Renounce Religion, Animate Remains, Recall Undead Slaves, Injury Mirror


You were on level 3 of the Dungeon.
You worshipped Yredelemnul.
Yredelemnul was pleased with you.
You visited 1 branch of the dungeon, and saw 3 of its levels.

You collected 134 gold pieces.

Inventory:

Hand Weapons
 a - a +0 long sword
 i - a +2 vorpal hand axe (weapon)
 j - a +1 dagger of draining
Missiles
 d - 3 throwing nets (quivered)
Armour
 c - a +0 helmet (worn)
 g - a +0 pair of gloves (worn)
 l - a +0 scale mail (worn)
Scrolls
 b - 3 scrolls of teleportation {unknown}
 e - 2 scrolls of identify
 f - a scroll of amnesia {unknown}
 h - 3 scrolls of fear


   Skills:
 * Level 2.5 Fighting
 - Level 3.5 Long Blades
 * Level 0.4 Axes
 - Level 1.7 Throwing
 * Level 2.0 Armour
 - Level 3.1 Dodging
 * Level 0.5 Unarmed Combat
 * Level 1.2 Invocations


You had 3 spell levels left.
You didn't know any spells.
Your spell library was empty.

Dungeon Overview and Level Annotations

Branches:
Dungeon (3/15)

Altars:
Yredelemnul

Shops:
D:3 =


Innate Abilities, Weirdness & Mutations

You have sharp fingernails.
You have razor-sharp toenails.


Message History

Okay, then.
Magic restored.
You swap places.
You now have 134 gold pieces (gained 9).
A ball python comes into view.
The ball python hisses angrily.
The ball python bites you. The ball python grabs you.
The ball python constricts you.
You closely miss the ball python. You claw the ball python.
You kill the ball python!
Yredelemnul accepts your kill.
Found a stone staircase leading down.
There is a stone staircase leading down here.
Found a transporter.
The ogre shouts!
You hear a shout!
Found a short sword.
The ogre shouts!
Found 7 gold pieces.
Found a transporter.
Found 2 fizzy puce potions.
There is a transporter here.
You enter the transporter and appear at another place.
You closely miss Krazlmac's ghost.
Krazlmac's ghost hits you but does no damage.
You hit Krazlmac's ghost.
Krazlmac's ghost is heavily damaged.
Krazlmac's ghost hits you.
Krazlmac's ghost hits you but does no damage.
You slash Krazlmac's ghost!
You destroy Krazlmac's ghost!
Yredelemnul accepts your kill. The ogre closely misses you.
Your Armour skill increases to level 2!
Your Invocations skill increases to level 1!
The ogre hits you with a +6 great mace!
There is a transporter here.
You enter the transporter and appear at another place.
The ogre hits you with a +6 great mace!!
Ouch! That really hurt!
You die...
Your body rises from the dead as a mindless zombie.

#....# #### ##....... #.##.#
#.########..###.## #Z##.#
#.#§.O...#### #.#
#.##.#######Z#.#..#.# #.#
#.##.........#.O##..######.##
#.#######..#.#..##..#........
#...# ##..©#$#..#.#########
###.# #...#)....©# #.#
##O@#.#!.#.# ######.#
##.#..##..# #...Z..#
#.#..##..# #.######
#.#.#..#.# #### #Z#
..#......# .... #.#
..######## #### #.# .#.. ###
#.# #. .. #.###.<
#.########### #......


You could see 3 ogres and a friendly orc zombie.

Vanquished Creatures
  The ghost of Krazlmac the Ducker, a weakling FeMo (D:3)
  A howler monkey zombie (D:3)
  4 adders
  2 worms (D:2)
  An orc (D:3)
  4 endoplasms (D:1)
  A giant cockroach (D:1)
  4 goblins (D:1)
  5 hobgoblins
  3 jackals (D:2)
  4 kobolds
  2 quokkas
  3 ball pythons
  7 rats
42 creatures vanquished.

Vanquished Creatures (collateral kills)
  A jackal (D:2)
1 creature vanquished.

Vanquished Creatures (others)
  A kobold zombie (D:2)
1 creature vanquished.

Grand Total: 44 creatures vanquished

Notes
Turn   | Place    | Note
-------+----------+-------------------------------------------
     0 | D:1      | tovald2 the Demonspawn Gladiator began the quest for the
                  | Orb.
     0 | D:1      | Reached XP level 1. HP: 16/16 MP: 1/1
   446 | D:1      | Gained mutation: You have sharp toenails. [demonic
                  | ancestry]
   446 | D:1      | Reached XP level 2. HP: 18/22 MP: 2/2
   630 | D:1      | Found a faded altar of an unknown god.
   647 | D:1      | Became a worshipper of Yredelemnul the Dark
   647 | D:1      | Reached * piety under Yredelemnul
  1242 | D:2      | Gained mutation: You have razor-sharp toenails. [demonic
                  | ancestry]
  1242 | D:2      | Reached XP level 3. HP: 23/24 MP: 3/3
  1491 | D:2      | Reached skill level 1 in Armour
  2534 | D:2      | Gained mutation: You have sharp fingernails. [demonic
                  | ancestry]
  2534 | D:2      | Reached XP level 4. HP: 33/33 MP: 4/4
  2671 | D:3      | Found Ulaorumu's Jewellery Boutique.
  2688 | D:3      | Reached ** piety under Yredelemnul
  3013 | D:3      | Found a transporter.
  3014 | D:3      | Noticed an ogre
  3014 | D:3      | Noticed an ogre
  3014 | D:3      | Noticed Krazlmac's ghost (weakling FeMo)
  3016 | D:3      | Found a transporter.
  3018 | D:3      | Noticed an ogre
  3029 | D:3      | Killed Krazlmac's ghost
  3030 | D:3      | Reached skill level 1 in Invocations
  3034 | D:3      | Mangled by an ogre

Illustrated notes

Levels and vault maps discovered:
D:1:      dpeg_arrival_concentric_ovals, layout_basic,
          hellmonk_ecumenical_altar_pennies_from_heaven, minivault_11
D:2:      layout_loops_cross, kennysheep_generic_room_3
D:3:      layout_loops_ring, gammafunk_ghost_smash, serial_shops,
          nicolae_shop_temple_entry_statues_fountains

Skill      XL: |  1  2  3  4 |
---------------+-------------+-----
Long Blades    | 3 |  3.5
Dodging        | 3 |  3.1
Armour         | 1 2 |  2.0
Invocations    | 1 |  1.2
Fighting       | |  2.5
Axes           | |  0.4
Throwing       | |  1.7
Unarmed Combat | |  0.5

Action                   |  1- 3 |  4- 6 || total
-------------------------+-------+-------++-------
Melee: Long sword        |   109 |     1 ||   110
       Kick              |    20 |     4 ||    24
       Hand axe          |       |    17 ||    17
Invok: Animate Remains   |     5 |     1 ||     6
  Use: Scroll            |     1 |       ||     1
       Potion            |     1 |       ||     1
Armor: Leather armour    |    20 |       ||    20
       Scale mail        |    26 |     9 ||    35
       Ring mail         |     4 |       ||     4
Dodge: Dodged            |    71 |     8 ||    79
       Rpst.: Long sword |    21 |       ||    21
